 Dungeon Crawl Stone Soup version 0.29.1-15-g9cfb28693d (webtiles) character file.

Game seed: 8846512219303963568

116 promet the Poker (level 5, 0/27 HPs)
             Began as a Vine Stalker Wanderer on Mar 16, 2023.
             Killed from afar by a white imp (4 damage)
             ... with a puff of frost
             ... on level 6 of the Dungeon.
             The game lasted 00:12:41 (2813 turns).

promet the Poker (Vine Stalker Wanderer)            Turns: 2813, Time: 00:12:41

Health: 0/27       AC:  3    Str: 10    XL:     5   Next: 0%
Magic:  0/10       EV: 11    Int: 15    God:
Gold:   135        SH:  0    Dex: 17    Spells: 5/9 levels left

rFire   . . .      SeeInvis .   a - +3 spear
rCold   . . .      Faith    .   (no shield)
rNeg    . . .      Spirit   +   c - +0 robe
rPois   .          Reflect  .   (no helmet)
rElec   .          Harm     .   e - +0 cloak
rCorr   .          Rampage  .   (no gloves)
Will    .....                   (no boots)
Stlth   ++........              (no amulet)
HPRegen 0.89/turn               (no ring)
MPRegen 0.12/turn               (no ring)

@: about to teleport
A: fangs 2, regeneration 1, magic shield, antimagic bite, no potion heal 2
a: no special abilities


You were on level 6 of the Dungeon.
You visited 1 branch of the dungeon, and saw 4 of its levels.

You collected 135 gold pieces.

Inventory:

Hand Weapons
 a - a +3 spear (weapon)
 j - a +0 war axe
Missiles
 d - 21 stones
 m - 6 poisoned darts (quivered)
Armour
 c - a +0 robe (worn)
 e - a +0 cloak (worn)
Magical Staves
 h - a staff of earth
 o - a staff of cold


   Skills:
 * Level 2.3 Fighting
 + Level 3.4 Polearms
 + Level 0.3 Dodging
 + Level 1.0 Stealth
 + Level 2.9 Spellcasting
 + Level 1.1 Conjurations
 + Level 2.1 Fire Magic
 + Level 1.0 Invocations
 + Level 1.0 Evocations


You had 5 spell levels left.
You knew the following spells:

 Your Spells              Type           Power      Damage    Failure   Level
a - Foxfire               Conj/Fire      28%        2x1d5     11%         1
b - Conjure Flame         Conj/Fire      7%         6-21      30%         3

Your spell library contained the following spells:

 Spells                   Type           Power      Damage    Failure   Level


Dungeon Overview and Level Annotations

Branches:
Dungeon (3/15)

Altars:
Yredelemnul


Innate Abilities, Weirdness & Mutations

You have extremely sharp teeth.
Your natural rate of healing is unusually fast.
When hurt, damage is shared between your health and your magic reserves.
Your bite disrupts and absorbs the magic of your enemies.
Potions cannot restore your health.


Message History

You hit the orc.
The orc is heavily wounded.
Something hits you but does no damage. The orc closely misses you.
You puncture the orc!
You kill the orc!
Something hits you but does no damage.
You have reached level 5!
Casting: Foxfire (safe; 11% risk of failure)
Confirm with . or Enter, or press ? or * to list all spells.
You conjure some foxfire!
A white imp comes into view.
Something hits you.
You hit something.
The foxfire hits something.
The foxfire hits something but does no damage.
Something hits you but does no damage.
You barely miss something. You bite something. The white imp gestures at you.
The puff of frost hits you!
You hear some strange, mumbled words.
You are confused.
Something hits you. Something hits you.
You're too confused to move!
Something hits you but does no damage.
You're too confused to move!
Something hits you.
You're too confused to move!
You feel less confused. The white imp gestures at you.
The puff of frost hits you!
You hear some strange, mumbled words.
A magic dart appears from out of thin air!
The magic dart hits you!
* * * LOW HITPOINT WARNING * * *
Okay, then.
You aren't carrying any potions.
Unknown command.
As you read the scroll of teleportation, it crumbles to dust.
You feel strangely unstable. The white imp gestures at you.
The puff of frost hits you.
You die...

#.... #....
#.... #... #..
#.# #####.####
#...$@5..#
#....{...#######
#!)..).)......[.
###############.


You could see a white imp.

Vanquished Creatures
  A hound skeleton (D:2)
  A gnoll (D:1)
  2 adders (D:3)
  An adder skeleton (D:2)
  A worm (D:3)
  4 dart slugs
  3 orcs
  2 bat skeletons (D:2)
  A bat zombie (D:2)
  5 endoplasms
  6 giant cockroaches
  4 goblins
  4 hobgoblins
  2 quokkas
  3 ball pythons (D:1)
  A ball python skeleton (D:2)
  2 bats
  2 frilled lizards (D:2)
  2 giant cockroach zombies (D:2)
  8 kobolds
  3 rats
58 creatures vanquished.

Vanquished Creatures (others)
  102 foxfires
  2 withered plants
104 creatures vanquished.

Grand Total: 162 creatures vanquished

Notes
Turn   | Place    | Note
-------+----------+-------------------------------------------
     0 | D:1      | promet the Vine Stalker Wanderer began the quest for the
                  | Orb.
     0 | D:1      | promet set off with the following items: a +3 spear, a
                  | scroll of teleportation, a +0 robe; and the following spell
                  | memorised: Foxfire; and the following spells available to
                  | memorise: Conjure Flame.
     0 | D:1      | Reached XP level 1. HP: 11/11 MP: 4/4
   145 | D:1      | Reached XP level 2. HP: 15/15 MP: 1/6
   294 | D:1      | Reached skill level 3 in Polearms
   487 | D:1      | Reached XP level 3. HP: 18/18 MP: 2/7
   822 | D:1      | Found a faded altar of an unknown god.
  1460 | D:2      | Gained mutation: Your natural rate of healing is unusually
                  | fast. [Vine Stalker growth]
  1460 | D:2      | Reached XP level 4. HP: 23/23 MP: 4/8
  1498 | D:2      | Reached skill level 1 in Conjurations
  2459 | D:3      | Learned a level 3 spell: Conjure Flame
  2545 | D:3      | Found a basalt altar of Yredelemnul.
  2639 | D:3      | Reached skill level 1 in Stealth
  2781 | D:3      | You fall into a shaft and drop 3 floors!
  2805 | D:6      | Reached XP level 5. HP: 27/27 MP: 7/10
  2813 | D:6      | Killed from afar by a white imp

Illustrated notes

Levels and vault maps discovered:
D:1:      minmay_arrival_arboretum_small, layout_basic,
          shapermc_ecumenical_altar_mp_urbaneastern
D:2:      layout_loops_cross, serial_undead, serial_undead_b, serial_undead_d,
          serial_undead_a, serial_undead_c, serial_undead_b, serial_undead_f
D:3:      layout_rooms, yredelemnul_altar_generic
D:6:      layout_rooms, mainiacjoe_overflow_boulevard,
          chequers_serial_rivers_micro_c

Skill      XL: |  1  2  3  4 |
---------------+-------------+-----
Fighting       | 2 |  2.3
Polearms       | 3 |  3.4
Fire Magic     | 2 |  2.1
Conjurations   | 1 |  1.1
Stealth        | 1 |  1.0
Dodging        | |  0.3
Spellcasting   | |  2.9
Invocations    | |  1.0
Evocations     | |  1.0

Action                   |  1- 3 |  4- 6 || total
-------------------------+-------+-------++-------
Melee: Spear             |    29 |    48 ||    77
       Bite              |    10 |    13 ||    23
       Punch             |     1 |       ||     1
Throw: Dart              |       |     1 ||     1
 Cast: Foxfire           |    39 |    20 ||    59
  Use: Scroll            |       |     6 ||     6
       Potion            |       |     2 ||     2
 Stab: Sleeping          |       |     2 ||     2
Armor: Robe              |     5 |    20 ||    25
Dodge: Dodged            |    26 |    25 ||    51
